 Dungeon Crawl Stone Soup version 0.17.2 (webtiles) character file.

901 Goblin1989 the Basher (level 8, -1/44 HPs)
             Began as a Gargoyle Gladiator on May 28, 2016.
             Was an Initiate of Gozag.
             Killed by divine providence
             ... invoked by an orc priest
              (12 damage)
             ... on level 5 of the Dungeon.
             The game lasted 00:13:21 (4637 turns).

Goblin1989 the Basher (Gargoyle Gladiator)          Turns: 4637, Time: 00:13:21

Health: -1/44      AC: 17    Str: 21      XL:     8   Next: 7%
Magic:  8/8        EV:  8    Int:  8 (9)  God:    Gozag
Gold:   822        SH:  0    Dex: 10      Spells: 0 memorised, 7 levels left

rFire  . . .     SeeInvis .     a - +0 flail
rCold  . . .     Clarity  .     e - +0 chain mail
rNeg   + . .     SustAt   .     (no shield)
rPois  ∞         Gourm    .     c - +0 helmet
rElec  +         Spirit   .     t - +0 cloak
rCorr  .         Warding  .     f - +0 pair of gloves
rMut   .         Stasis   .     u - +0 pair of boots (curse)
MR     .....                    (no amulet)
Stlth  ..........               (no ring)
                                r - ring of wizardry {Wiz+, !d}

@: not resistant to hostile enchantments, extremely unstealthy
A: negative energy resistance 1, electricity resistance, unbreathing,
petrification resistance, rot immunity, AC +5
a: Potion Petition, Call Merchant, Bribe Branch, Renounce Religion


You were on level 5 of the Dungeon.
You worshipped Gozag.
Gozag was noncommittal.
You were not hungry.

You visited 1 branch of the dungeon, and saw 5 of its levels.

You collected 836 gold pieces.
You paid 14 gold pieces to Gozag.

Inventory:

Hand Weapons
 a - a +0 flail (weapon)
 j - a +1 mace of protection
Missiles
 d - 4 throwing nets {=f, !d}
Armour
 c - a +0 helmet (worn)
 e - a +0 chain mail (worn)
 f - a +0 pair of gloves (worn)
 t - a +0 cloak (worn)
 u - a cursed +0 pair of boots (worn)
Jewellery
 r - a ring of wizardry (left hand) {Wiz+, !d}
Scrolls
 b - 2 scrolls of teleportation
 g - 3 scrolls of immolation {!r}
 m - a scroll of enchant weapon
 o - a scroll of noise {!r}
 q - a scroll of fog
Potions
 h - a potion of mutation {!q}
 l - a potion of ambrosia {!q}
 w - a potion of curing
Comestibles
 k - 7 fruits
 n - 3 meat rations
 p - 4 bread rations
 s - a slice of pizza


   Skills:
 - Level 2.1 Fighting
 * Level 9.4 Maces & Flails
 - Level 1.7 Throwing
 - Level 2.4 Dodging


You had 7 spell levels left.
You didn't know any spells.

Dungeon Overview and Level Annotations

Branches:
Dungeon (5/15)             Temple (0/1) D:5

Altars:
Dithmenos
Gozag
Makhleb
Okawaru
Qazlal
Vehumet
The Shining One

Annotations:
D:4 Goblin1989's ghost, amateur DsMo
D:5 nublet's ghost, amateur DgEE


Innate Abilities, Weirdness & Mutations

You are resistant to torment.
Your stone body is resilient (AC +5).
You are immune to poison.
You resist negative energy.
You are resistant to electric shocks.
You can survive without breathing.
You are immune to petrification.
You are immune to rotting.


Message History

You are too injured to fight recklessly!
You are too injured to fight recklessly!
You are too injured to fight recklessly!
You are too injured to fight recklessly!
You are too injured to fight recklessly!
You are too injured to fight recklessly!
You are too injured to fight recklessly!
You are too injured to fight recklessly!
You are too injured to fight recklessly!
You are too injured to fight recklessly!
You are too injured to fight recklessly!
You are too injured to fight recklessly!
The orc hits you but does no damage.
The orc priest mumbles some strange prayers to Beogh against you.
Pain shoots through your body!
* * * LOW HITPOINT WARNING * * *
The orc priest invokes the aid of Beogh against you.
Something smites you!
You die...
Your body crumbles into a pile of gold.

###............
.............#
###.......⌠$..#
...............
#..$.⌠.>.⌠.#
#.##ooo.....
#..Wo..⌠....
####.####.?.
#@# # #.# #.#
#.# #.# #.# #.#
#.# #.#


You could see an orc priest, nublet's ghost and 3 orcs.

Vanquished Creatures
  An ogre (D:3)
  5 gnoll shamans
  2 worker ants (D:4)
  Terence (D:3)
  Natasha (thrice) (D:3)
  An iguana (D:4)
  37 gnolls
  4 adders
  An ooze (D:2)
  4 worms
  3 orcs
  5 giant cockroaches
  8 goblins
  9 hobgoblins
  26 jackals
  9 kobolds
  6 bats
  3 giant geckos
  4 giant newts
  2 quokkas
  A quokka skeleton (D:4)
  15 rats
150 creatures vanquished.

Notes
Turn   | Place    | Note
--------------------------------------------------------------
     0 | D:1      | Goblin1989 the Gargoyle Gladiator began the quest for the Orb.
     0 | D:1      | Reached XP level 1. HP: 12/12 MP: 1/1
   121 | D:1      | Reached XP level 2. HP: 15/17 MP: 2/2
   318 | D:1      | Reached skill level 4 in Maces & Flails
   326 | D:1      | Reached XP level 3. HP: 11/21 MP: 3/3
   493 | D:1      | You fall through a shaft!
   573 | D:2      | Found an opulent altar of Gozag.
   776 | D:2      | Became a worshipper of Gozag Ym Sagoz the Greedy
   816 | D:2      | Reached XP level 4. HP: 18/26 MP: 4/4
   869 | D:2      | Reached skill level 5 in Maces & Flails
  1300 | D:3      | Noticed Natasha
  1308 | D:3      | Killed Natasha
  1308 | D:3      | Reached XP level 5. HP: 21/30 MP: 5/5
  1408 | D:3      | Found a shadowy altar of Dithmenos.
  1459 | D:3      | Found a radiant altar of Vehumet.
  1459 | D:3      | Found a burning altar of Makhleb.
  1597 | D:3      | Noticed Natasha
  1618 | D:3      | Killed Natasha
  1946 | D:3      | Reached skill level 6 in Maces & Flails
  1956 | D:3      | Noticed an ogre
  2158 | D:3      | Reached XP level 6. HP: 23/35 MP: 6/6
  2210 | D:3      | Killed an ogre
  2210 | D:3      | Reached skill level 7 in Maces & Flails
  2313 | D:3      | Reached XP level 7. HP: 32/40 MP: 7/7
  2521 | D:3      | Reached skill level 8 in Maces & Flails
  2587 | D:3      | Noticed Terence
  2607 | D:3      | Killed Terence
  2619 | D:3      | Gained mutation: Potions and wands are less effective at restoring your health. [potion of mutation]
  2619 | D:3      | Gained mutation: You are agile. (Dex +2) [potion of mutation]
  2619 | D:3      | Gained mutation: You are robust (+10% HP). [potion of mutation]
  3224 | D:3      | Noticed Natasha
  3235 | D:3      | Killed Natasha
  3982 | D:4      | Reached skill level 9 in Maces & Flails
  4084 | D:4      | Reached XP level 8. HP: 46/48 MP: 8/8
  4213 | D:4      | Found a glowing golden altar of the Shining One.
  4222 | D:4      | Found an iron altar of Okawaru.
  4463 | D:4      | Found a stormy altar of Qazlal.
  4540 | D:4      | Noticed Goblin1989's ghost (amateur DsMo)
  4541 | D:4      | Lost mutation: You are robust (+10% HP). [potion of cure mutation]
  4541 | D:4      | Lost mutation: Potions and wands are less effective at restoring your health. [potion of cure mutation]
  4541 | D:4      | Lost mutation: You are agile. (Dex +2) [potion of cure mutation]
  4610 | D:5      | Entered Level 5 of the Dungeon
  4610 | D:5      | Found a staircase to the Ecumenical Temple.
  4621 | D:5      | Noticed nublet's ghost (amateur DgEE)
  4637 | D:5      | Killed from afar by an orc priest

Action                   |  1- 3 |  4- 6 |  7- 9 || total
-------------------------+-------+-------+-------++-------
Melee: Flail             |   136 |   266 |   275 ||   677
Invok: Potion Petition   |       |     1 |       ||     1
  Use: Potion            |       |     1 |     7 ||     8
       Scroll            |       |       |     5 ||     5
 Stab: Distracted        |       |       |     1 ||     1
  Eat: Bread ration      |       |     1 |       ||     1
       Pizza             |       |     1 |       ||     1
       Fruit             |       |       |     3 ||     3
       Meat ration       |       |       |     1 ||     1
